 Dungeon Crawl Stone Soup version 0.21-a0-516-gaaff437 (console) character file.

189534 nht the Impregnable (level 17, 0/150 HPs)
             Began as a Minotaur Hunter on Dec 3, 2017.
             Was the Champion of Okawaru.
             Killed from afar by Tungsten's ghost (29 damage)
             ... with a bolt of lightning
             ... on level 1 of the Shoals.
             The game lasted 00:41:57 (27416 turns).

nht the Impregnable (Minotaur Hunter)              Turns: 27416, Time: 00:41:58

Health: 0/150      AC: 39    Str: 21    XL:     17   Next: 51%
Magic:  17/22      EV: 12    Int: 16    God:    Okawaru [******]
Gold:   2844       SH:  0    Dex: 14    Spells: 16/16 levels left

rFire    . . .     SeeInvis +   a - +11 arbalest {venom, Int+6}
rCold    . . .     Gourm    .   (shield currently unavailable)
rNeg     . . .     Faith    .   m - +2 crystal plate armour
rPois    .         Spirit   .   (helmet unavailable)
rElec    .         Reflect  .   I - scarf {cloud immunity}
rCorr    .         Harm     .   t - +1 pair of gloves
MR       ++...                  j - +1 pair of boots
Stlth    ..........             l - amulet of regeneration
HPRegen  0.75/turn              w - ring of protection from magic
MPRegen  0.18/turn              u - ring of see invisible

@: heroism, finesse
A: retaliatory headbutt, horns 3, blink, clever 1, sense surroundings 1
}: 1/15 runes: serpentine
a: Blink, Heroism, Finesse, Renounce Religion


You were on level 1 of the Shoals.
You worshipped Okawaru.
Okawaru was exalted by your worship.
You were not hungry.

You visited 6 branches of the dungeon, and saw 29 of its levels.
You also visited: Labyrinth.

You collected 3102 gold pieces.
You spent 258 gold pieces at shops.

Inventory:

Hand Weapons
 a - the +11 arbalest of Excruciating Pain (weapon) {venom, Int+6}
   (You bought it in a shop on level 8 of the Dungeon)

   It poisons the ammo it fires.
   It affects your intelligence (+6).
 D - the +1 triple crossbow of Oneusal {elec, rF+ Str+2 Dex+2}
   (Okawaru gifted it to you on level 2 of the Snake Pit)

   It charges the ammunition it shoots with electricity; occasionally upon a
   hit, such missiles may discharge and cause terrible harm.
   It affects your strength (+2).
   It affects your dexterity (+2).
   It protects you from fire.
 N - the +11 quarterstaff of Kistacy {venom, Int+3 Dex+2}
   (You found it on level 1 of the Lair of Beasts)

   It poisons the flesh of those it strikes.
   It affects your intelligence (+3).
   It affects your dexterity (+2).
 Q - a +3 executioner's axe of chopping
Missiles
 d - 225 bolts (quivered)
Armour
 j - a +1 pair of boots (worn)
 m - a +2 crystal plate armour (worn)
 t - a +1 pair of gloves (worn)
 I - a scarf of cloud immunity (worn)
Jewellery
 l - an amulet of regeneration (around neck)
 q - an uncursed ring of resist corrosion
 u - a ring of see invisible (right hand)
 w - a ring of protection from magic (left hand)
 H - an uncursed ring of fire
Wands
 i - a wand of digging (10)
 r - a wand of paralysis (23)
 y - a wand of disintegration (36)
 F - a wand of scattershot (7)
 G - a wand of enslavement (13)
 K - a wand of acid (14)
 L - a wand of iceblast (12)
 M - a wand of flame (76)
 P - a wand of polymorph (25)
 Y - a wand of random effects (59)
Scrolls
 c - 11 scrolls of remove curse
 e - 2 scrolls of enchant armour
 g - 3 scrolls of fog
 h - 23 scrolls of identify
 o - 9 scrolls of teleportation
 O - 4 scrolls of enchant weapon
 S - a scroll of magic mapping
 X - a scroll of summoning
 Z - a scroll of fear
Potions
 k - 7 potions of agility
 n - 2 potions of lignification
 p - 4 potions of haste
 s - a potion of resistance
 v - 4 potions of ambrosia
 x - 7 potions of curing
 A - 5 potions of heal wounds
 B - 4 potions of cancellation
 C - 2 potions of might
 J - a potion of mutation
 R - a potion of invisibility
 T - a potion of flight
 V - a potion of berserk rage
Books
 b - a book of Changes

   Spells                             Type                      Level
   a - Beastly Appendage              Transmutation                1
   b - Sticks to Snakes               Transmutation                2
   c - Spider Form                    Transmutation/Poison         3
   d - Ice Form                       Ice/Transmutation            4
   e - Blade Hands                    Transmutation                5
Comestibles
 f - 15 bread rations
 z - 12 meat rations
 E - 21 royal jellies
 U - 12 chunks of flesh
 W - 15 fruits


   Skills:
 - Level 13.4(18.4) Fighting
 - Level 11.3(16.3) Axes
 + Level 18.2(23.2) Crossbows
 - Level 22.0(27) Armour
 - Level 8.1(13.1) Dodging
 - Level 0.7(5.7) Stealth
 - Level 9.0 Invocations


You had 16 spell levels left.
You didn't know any spells.

Dungeon Overview and Level Annotations

Branches:
Dungeon (15/15)            Temple (1/1) D:6            Lair (6/6) D:10
 Shoals (1/4) Lair:2        Snake (4/4) Lair:3        Slime (0/5) Lair:5
    Orc (2/2) D:10            Elf (0/3) Orc:2        Vaults (0/5) D:13
 Depths (0/5) D:15

Altars:
Ashenzari
Dithmenos
Elyvilon
Hepliaklqana
Kikubaaqudgha
Makhleb
Okawaru
Qazlal
Sif Muna
Trog
Vehumet
Yredelemnul
Zin
Beogh
Jiyva

Shops:
D:8 (   D:12 [((   Orc:2 :(([

Annotations:
Shoals:1 Tungsten's ghost, adept DEFE


Innate Abilities, Weirdness & Mutations

You reflexively headbutt those who attack you in melee.
You have a pair of large horns on your head.
You can translocate small distances at will.
Your mind is acute. (Int +2)
You passively map a small area around you.


Message History

Tungsten's ghost is almost destroyed.
You are covered in liquid flames!
* * * LOW HITPOINT WARNING * * *
The merfolk hits you but does no damage.
Tungsten's ghost points at you and mumbles some strange words.
The puff of flame hits you!
Firing (i - inventory):
d - 227 bolts (quivered)
Press: ? - help, Shift-Dir - straight line, f/p - Tungsten's ghost
Aim: Tungsten's ghost, wielding a weapon of flaming (almost destroyed, covering ground quickly, regenerating)
You shoot a bolt. The bolt misses Tungsten's ghost.
Firing (i - inventory):
d - 226 bolts (quivered)
Press: ? - help, Shift-Dir - straight line, f/p - Tungsten's ghost
Aim: Tungsten's ghost, wielding a weapon of flaming (almost destroyed, covering ground quickly, regenerating)
You shoot a bolt.
The bolt hits Tungsten's ghost but does no damage.
Tungsten's ghost is almost destroyed.
The merfolk closely misses you.
Tungsten's ghost gestures at you while chanting.
The bolt of lightning hits you!
You die...

*,,,≈≈,,,,≈≈≈,,,,,,,,,,**,≈≈≈≈≈,*
*,,,,,,,,,≈≈≈≈,,,,,,,,**,,≈≈≈≈≈,,
,,,,,,***≈≈≈≈..≈......█8$≈≈≈≈≈≈≈,
,,,,,,**,≈≈≈≈.≈≈......██.≈≈≈≈≈≈,≈
,,,,,,**,≈≈≈≈,.........█≈≈≈≈≈≈≈,*
,,,,,**.(≈≈≈,**█.......≈≈≈≈≈≈[,,*
,*,,,,,≈≈≈≈≈,* █.......≈≈≈≈.≈≈**█
****,,,((m≈.,* █........≈≈██8███.
**,,,,,..(m.** █...........███..≈
,,≈,,,,...(≈.* █...b..≈≈....≈≈≈..
,,,,,,,██.≈≈(███@...≈≈≈≈....≈....
,,,,,,*█.≈≈≈.(mW≈bb≈b≈≈≈.>.[....>
,,,,,,,....≈≈≈)≈≈≈≈≈≈≈≈≈.........
,,,,***█..≈≈≈≈≈≈≈≈≈≈≈≈≈≈≈≈.....██
,≈,,* █......≈≈≈≈≈≈≈≈≈≈≈≈≈.).<.█
,,,,* █...?..≈≈≈≈≈≈≈≈≈≈≈≈≈.).≈≈.
,,,** █..████.≈≈≈≈≈≈≈≈≈≈≈≈......
≈,,****█.** █.≈≈≈≈≈≈≈≈≈≈≈≈≈≈≈...
,,,,,,,.,** *█..≈≈≈≈≈≈≈≈≈≈≈≈≈.≈..
,,,,,,***,***...≈≈..≈≈≈≈≈≈≈≈≈≈≈≈.
,≈,,,,* *,,*,,,≈≈≈≈≈..≈≈≈≈≈≈≈≈≈≈.


You could see a merfolk and Tungsten's ghost.

Vanquished Creatures
  Vashnia (Snake:3)
  Nikola (Snake:4)
  Kirke (Lair:4)
  12 nagarajas
  An orc warlord (Orc:2)
  Aizul (Snake:4)
  A merfolk impaler (Shoals:1)
  Snorg (D:11)
  A fire dragon (Lair:6)
  A minotaur (Lab)
  Erolcha (D:12)
  A yaktaur captain (D:15)
  Fannar (D:12)
  4 hydras
  A merfolk avatar (Shoals:1)
  16 anacondas
  16 naga warriors
  5 centaur warriors
  9 two-headed ogres
  A death knight (D:15)
  9 shock serpents
  Urug (Lair:4)
  10 naga sharpshooters
  The ghost of darxusza the Skirmisher, a novice NaFi of Cheibriados (D:7)
  2 skeletal warriors (D:15)
  3 salamander mystics (Snake:4)
  2 unseen horrors
  8 sea snakes (Snake:4)
  A swamp dragon (Lair:6)
  A wizard (D:14)
  10 naga ritualists
  A phantasmal warrior (D:15)
  3 orc knights
  8 mana vipers
  Pikel (D:8)
  4 orc sorcerers (Orc:2)
  2 ugly things (D:12)
  2 cyclopes (D:15)
  9 elephants
  A manticore (D:12)
  6 salamanders
  11 naga magi
  32 black mambas
  2 centaur zombies (D:13)
  Maurice (Orc:1)
  6 guardian serpents (Snake:4)
  A torpor snail (Lair:3)
  20 spiny frogs
  3 centaur skeletons
  A rime drake (shapeshifter) (D:13)
  3 rime drakes
  8 komodo dragons
  4 trolls
  3 merfolk (Shoals:1)
  3 slime creatures (D:15)
  2 wind drakes (Shoals:1)
  3 meliai (D:14)
  Grinder (D:5)
  A queen bee (D:14)
  3 snapping turtles (Shoals:1)
  Prince Ribbit (D:7)
  12 hippogriffs
  13 blink frogs
  6 dream sheep (Lair:5)
  A wraith (D:12)
  A vampire (D:11)
  8 redbacks (Snake:2)
  2 water elementals
  4 basilisks
  3 wyverns (D:15)
  37 yaks
  A steam dragon (Lair:6)
  3 hungry ghosts
  2 hogs (Lair:4)
  4 vampire mosquitoes (D:15)
  17 humans
  Menkaure (D:5)
  Edmund (D:5)
  3 acid dragons (Lair:6)
  41 nagas
  3 wargs
  7 porcupines
  A sky beast (D:9)
  15 water moccasins
  5 black bears
  2 swamp drakes (Lair:6)
  A slave (D:8)
  A necrophage (D:8)
  29 orc warriors
  5 ice beasts
  2 eyes of draining
  12 ogres
  A phantom (D:9)
  7 wolves
  14 centaurs
  15 crocodiles
  2 big kobolds
  20 bullfrogs
  4 scorpions
  A wyvern skeleton (D:10)
  A water moccasin skeleton (D:7)
  37 killer bees
  24 wights
  3 howler monkeys
  2 electric eels
  6 crimson imps
  2 bullfrog zombies
  4 jellies
  2 quasits
  17 orc priests
  5 hounds
  2 bullfrog skeletons
  7 iguanas
  36 orc wizards
  9 worker ants
  3 hound skeletons
  A howler monkey zombie (D:10)
  Robin (D:2)
  21 adders
  4 shadow imps
  2 oozes (D:7)
  2 adder skeletons
  2 worms
  A dart slug (D:4)
  4 leopard geckos
  117 orcs
  3 ball pythons
  4 bats
  3 giant cockroaches
  17 goblins
  9 hobgoblins
  7 jackals
  7 quokkas
  6 frilled lizards
  17 kobolds
  A quokka skeleton (D:2)
  2 quokka zombies (D:6)
  9 rats
977 creatures vanquished.

Vanquished Creatures (collateral kills)
  2 naga warriors (Snake:4)
  A naga mage (Snake:4)
  A naga (Snake:4)
4 creatures vanquished.

Vanquished Creatures (others)
  A slave (D:10)
  A goblin (D:2)
  3 fungi
  3 plants
8 creatures vanquished.

Grand Total: 989 creatures vanquished

Notes
Turn   | Place    | Note
-------+----------+-------------------------------------------
     0 | D:1      | nht the Minotaur Hunter began the quest for the Orb.
     0 | D:1      | Reached XP level 1. HP: 18/18 MP: 0/0
    91 | D:1      | Reached XP level 2. HP: 20/25 MP: 1/1
    92 | D:1      | Reached skill level 5 in Crossbows
   453 | D:2      | Reached XP level 3. HP: 30/30 MP: 2/2
   551 | D:2      | Noticed Robin
   563 | D:2      | Gained mutation: You have a pair of large horns on your head. [potion of mutation]
   563 | D:2      | Gained mutation: You passively map a small area around you. [potion of mutation]
   563 | D:2      | Gained mutation: You can translocate small distances at will. [potion of mutation]
   563 | D:2      | Gained mutation: Your mind is acute. (Int +2) [potion of mutation]
   570 | D:2      | Killed Robin
   630 | D:2      | Reached XP level 4. HP: 32/37 MP: 3/3
  1299 | D:3      | HP: 1/55 [something/puff of flame (5)]
  1301 | D:3      | Reached XP level 5. HP: 1/42 MP: 4/4
  2331 | D:4      | Reached XP level 6. HP: 50/50 MP: 5/5
  3000 | D:5      | Entered Level 5 of the Dungeon
  3177 | D:5      | Noticed Menkaure
  3181 | D:5      | Killed Menkaure
  3181 | D:5      | Reached XP level 7. HP: 36/56 MP: 6/6
  3275 | D:5      | Reached skill level 10 in Crossbows
  3541 | D:5      | Reached XP level 8. HP: 66/66 MP: 7/7
  3658 | D:5      | Noticed Edmund
  3670 | D:5      | Killed Edmund
  3670 | D:5      | Reached skill level 5 in Fighting
  3693 | D:5      | Noticed Grinder
  3705 | D:5      | Killed Grinder
  4764 | D:6      | Reached XP level 9. HP: 84/84 MP: 8/8
  4884 | D:6      | Found a staircase to the Ecumenical Temple.
  5021 | Temple   | Entered the Ecumenical Temple
  5049 | Temple   | Became a worshipper of Warmaster Okawaru
  5126 | D:7      | Noticed Prince Ribbit
  5127 | D:7      | Killed Prince Ribbit
  5127 | D:7      | Reached skill level 10 in Fighting
  5127 | D:7      | Reached skill level 1 in Armour
  5132 | D:7      | Reached skill level 2 in Armour
  5140 | D:7      | Reached skill level 1 in Axes
  5172 | D:7      | Reached * piety under Okawaru
  5209 | D:7      | Reached skill level 5 in Axes
  5717 | D:7      | Noticed darxusza's ghost (novice NaFi)
  5739 | D:7      | Killed darxusza's ghost
  5739 | D:7      | Reached XP level 10. HP: 93/93 MP: 9/9
  6070 | D:7      | Found a basalt altar of Yredelemnul.
  6287 | D:8      | Reached ** piety under Okawaru
  6359 | D:8      | Noticed Pikel
  6367 | D:8      | Killed Pikel
  6367 | D:8      | Reached skill level 10 in Axes
  6690 | D:8      | Found Poovys's Antique Weapon Emporium.
  6696 | D:8      | Reached *** piety under Okawaru
  6708 | D:8      | Bought a bloodstained arbalest for 209 gold pieces
  6708 | D:8      | Identified the +11 arbalest of Excruciating Pain {venom, Int+6} (You bought it in a shop on level 8 of the Dungeon)
  6777 | D:9      | Reached skill level 1 in Invocations
  7106 | D:9      | Received a gift from Okawaru
  7685 | D:10     | Entered Level 10 of the Dungeon
  7745 | D:10     | Reached **** piety under Okawaru
  7841 | D:10     | Found a staircase to the Lair.
  7861 | D:10     | Killed an unseen horror
  7861 | D:10     | Reached XP level 11. HP: 92/98 MP: 13/13
  7887 | D:10     | Reached skill level 5 in Invocations
  7956 | D:10     | Noticed a two-headed ogre
  7965 | D:10     | Killed a two-headed ogre
  8298 | D:10     | Found a staircase to the Orcish Mines.
  8378 | D:10     | Noticed a six-headed hydra
  8381 | D:10     | Killed a six-headed hydra
  8381 | D:10     | Reached ***** piety under Okawaru
  8496 | D:11     | Received a gift from Okawaru
  8917 | D:11     | Noticed a two-headed ogre
  8921 | D:11     | Killed a two-headed ogre
  9145 | D:11     | Noticed a two-headed ogre
  9151 | D:11     | Killed a two-headed ogre
  9249 | D:11     | Received a gift from Okawaru
  9276 | D:11     | Noticed Snorg
  9283 | D:11     | Killed Snorg
  9377 | D:11     | Noticed a two-headed ogre
  9381 | D:11     | Killed a two-headed ogre
  9381 | D:11     | Reached skill level 15 in Crossbows
  9381 | D:11     | Reached XP level 12. HP: 96/105 MP: 14/14
  9793 | D:12     | Found Noeckudgh's Weapon Shop.
  9854 | D:12     | Found Vusmuh's Weapon Shoppe.
  9863 | D:12     | Bought 19 bolts for 49 gold pieces
  9919 | D:12     | Noticed Fannar
  9929 | D:12     | Killed Fannar
 10008 | D:12     | Found Vayschat's Armour Shop.
 10294 | D:12     | Noticed Erolcha
 10297 | D:12     | Killed Erolcha
 10489 | Lair:1   | Entered Level 1 of the Lair of Beasts
 10615 | Lair:1   | Received a gift from Okawaru
 10774 | Lair:1   | Noticed an eight-headed hydra
 10779 | Lair:1   | Killed an eight-headed hydra
 10970 | Lair:1   | Received a gift from Okawaru
 11394 | Lair:1   | Got a fine quarterstaff
 11395 | Lair:1   | Identified the +11 quarterstaff of Kistacy {venom, Int+3 Dex+2} (You found it on level 1 of the Lair of Beasts)
 11737 | Lair:2   | Found a staircase to the Shoals.
 11776 | Lair:2   | Reached ****** piety under Okawaru
 11792 | Lair:2   | Received a gift from Okawaru
 11793 | Lair:2   | Found the +6 arbalest "Damnation" {damnation}
 12247 | Lair:3   | Found a staircase to the Snake Pit.
 12317 | Lair:3   | Reached XP level 13. HP: 110/112 MP: 15/15
 12319 | Lair:3   | Reached skill level 3 in Armour
 12333 | Lair:3   | Reached skill level 4 in Armour
 12336 | Lair:3   | Found a labyrinth entrance.
 12348 | Lab      | Entered a labyrinth
 12409 | Lab      | Noticed a minotaur
 12418 | Lab      | Killed a minotaur
 12428 | Lab      | Found the +3 giant club "Skullcrusher" {speed, Str+7}
 12511 | Lair:3   | Reached skill level 5 in Armour
 12578 | Lair:3   | Reached skill level 6 in Armour
 13385 | Lair:4   | Received a gift from Okawaru
 13385 | Lair:4   | Reached skill level 7 in Armour
 13607 | Lair:4   | Reached skill level 8 in Armour
 13609 | Lair:4   | Noticed Kirke
 13619 | Lair:4   | Killed Kirke
 13619 | Lair:4   | Received a gift from Okawaru
 13619 | Lair:4   | Reached skill level 9 in Armour
 13666 | Lair:4   | Noticed Urug
 13674 | Lair:4   | Killed Urug
 13843 | Lair:4   | Reached skill level 10 in Armour
 14353 | Lair:5   | Found a staircase to the Slime Pits.
 14354 | Lair:5   | Found a viscous altar of Jiyva.
 14488 | Lair:5   | Reached skill level 11 in Armour
 14498 | Lair:5   | Received a gift from Okawaru
 14667 | Lair:5   | Received a gift from Okawaru
 14667 | Lair:5   | Reached skill level 12 in Armour
 15154 | Lair:6   | Entered Level 6 of the Lair of Beasts
 15592 | Lair:6   | Reached skill level 13 in Armour
 15600 | Lair:6   | Reached XP level 14. HP: 120/120 MP: 16/16
 15819 | Lair:6   | Received a gift from Okawaru
 16002 | Lair:6   | Reached skill level 14 in Armour
 16219 | Lair:6   | Received a gift from Okawaru
 16634 | Orc:1    | Entered Level 1 of the Orcish Mines
 16992 | Orc:1    | Noticed Maurice
 16999 | Orc:1    | Killed Maurice
 17103 | Orc:2    | Entered Level 2 of the Orcish Mines
 17242 | Orc:2    | Found a roughly hewn altar of Beogh.
 17267 | Orc:2    | Found a roughly hewn altar of Beogh.
 17386 | Orc:2    | Found a staircase to the Elven Halls.
 17526 | Orc:2    | Found a roughly hewn altar of Beogh.
 17571 | Orc:2    | Found a roughly hewn altar of Beogh.
 17571 | Orc:2    | Found Fazib's Book Boutique.
 17722 | Orc:2    | Found a roughly hewn altar of Beogh.
 17741 | Orc:2    | Found Iplairuev's Antique Weapon Shoppe.
 17927 | Orc:2    | Noticed an orc warlord
 17937 | Orc:2    | Killed an orc warlord
 17991 | Orc:2    | Found Jear Rotu's Antique Weapon Emporium.
 17994 | Orc:2    | Found Tocykats's Antique Armour Shoppe.
 17997 | Orc:2    | Found a roughly hewn altar of Beogh.
 18482 | D:13     | Reached skill level 5 in Dodging
 18586 | D:13     | Received a gift from Okawaru
 18884 | D:13     | Found a gate to the Vaults.
 19998 | D:15     | Entered Level 15 of the Dungeon
 20000 | D:15     | Reached XP level 15. HP: 129/132 MP: 19/19
 20393 | D:15     | Found a shadowy altar of Dithmenos.
 20732 | D:15     | Found a staircase to the Depths.
 21457 | Snake:1  | Entered Level 1 of the Snake Pit
 21532 | Snake:1  | Received a gift from Okawaru
 22266 | Snake:2  | Reached skill level 15 in Armour
 22350 | Snake:2  | Noticed a nagaraja
 22359 | Snake:2  | Killed a nagaraja
 22620 | Snake:2  | Received a gift from Okawaru
 22620 | Snake:2  | Reached skill level 16 in Armour
 22651 | Snake:2  | Got a translucent triple crossbow {god gift}
 22652 | Snake:2  | Identified the +1 triple crossbow of Oneusal {elec, rF+ Str+2 Dex+2} (Okawaru gifted it to you on level 2 of the Snake Pit)
 22852 | Snake:2  | Noticed a nagaraja
 22861 | Snake:2  | Killed a nagaraja
 22946 | Snake:2  | Reached XP level 16. HP: 135/144 MP: 21/21
 23214 | Snake:2  | Reached skill level 17 in Armour
 23433 | Snake:2  | Received a gift from Okawaru
 23904 | Snake:3  | Received a gift from Okawaru
 24401 | Snake:3  | Noticed Vashnia
 24418 | Snake:3  | Killed Vashnia
 24418 | Snake:3  | Reached skill level 18 in Armour
 24425 | Snake:3  | Received a gift from Okawaru
 24619 | Snake:4  | Entered Level 4 of the Snake Pit
 25051 | Snake:4  | Reached skill level 19 in Armour
 25133 | Snake:4  | Noticed Aizul
 25138 | Snake:4  | Killed Aizul
 25344 | Snake:4  | Received a gift from Okawaru
 25503 | Snake:4  | Reached skill level 20 in Armour
 25522 | Snake:4  | Received a gift from Okawaru
 25888 | Snake:4  | Reached XP level 17. HP: 149/150 MP: 22/22
 25901 | Snake:4  | Noticed Nikola
 25910 | Snake:4  | Killed Nikola
 25955 | Snake:4  | Reached skill level 21 in Armour
 26292 | Snake:4  | Received a gift from Okawaru
 26387 | Snake:4  | Received a gift from Okawaru
 26725 | Snake:4  | Received a gift from Okawaru
 26772 | Snake:4  | Received a gift from Okawaru
 26871 | Snake:4  | Got a serpentine rune of Zot
 26893 | Snake:4  | Received a gift from Okawaru
 26893 | Snake:4  | Reached skill level 22 in Armour
 27288 | Shoals:1 | Entered Level 1 of the Shoals
 27331 | Shoals:1 | Received a gift from Okawaru
 27378 | Shoals:1 | Noticed Tungsten's ghost (adept DEFE)
 27416 | Shoals:1 | Killed from afar by Tungsten's ghost

Vault maps used:
D:1:      lemuel_arrival_behind_the_door_small
D:2:      uniq_robin
D:3:      grunt_ministairs_7
D:5:      gup_sewer_entry_bubbles, first_bread, uniq_menkaure, uniq_grinder,
          uniq_edmund
D:6:      minmay_temple_entry_enclosed_plants
D:7:      yredelemnul_altar_generic, minmay_crystal_water, uniq_prince_ribbit1
D:8:      serial_shops, shop_fountains, uniq_pikel
D:10:     lair_entry_dummy, orc_0_dummy
D:11:     uniq_snorg
D:12:     serial_shops, nicolae_shop_behind_doors, shop, shop, uniq_erolcha,
          uniq_fannar
D:13:     david_vaults_3
D:14:     minmay_tree_intersection, special_room
D:15:     grunt_enter_depths_snipers, nicolae_dithmenos_shadow_blocks
Temple:   compressed_dpeg_circular_temple
Lair:2:   minmay_shoals_entry_centaurs, infiniplex_staircase_pool_2
Lair:3:   guppyfry_snake_entry_island, lab_entry_generic
Lair:4:   uniq_urug, uniq_kirke
Lair:5:   slime_altar_1
Lair:6:   guppyfry_lair_end_dragon, serial_bayou_shore_b,
          infiniplex_staircase_pool, lemuel_fruit_tree, serial_bayou_shore_b
Shoals:1: cheibrodos_shoals_roost, portal_ice_cave_entry_pillars_three
Snake:1:  spider_trap, grunt_ministairs_11
Snake:2:  spider_trap
Snake:3:  uniq_vashnia
Snake:4:  grunt_snake_rune_pools, uniq_aizul, uniq_nikola
Orc:1:    uniq_maurice
Orc:2:    grunt_orc_community_town_hall, grunt_orc_community_big_house_2,
          grunt_orc_community_big_house_1, grunt_orc_community_house_3,
          grunt_orc_community_house_2, grunt_orc_community_house_3,
          grunt_orc_community_house_3
Lab:      labyrinth_watery, labyrinth_skeletal_remains, nicolae_lab_garden,
          nicolae_lab_do_over, nicolae_lab_quarters, lab_statue

Skill      XL: |  1  2  3  4  5  6  7  8  9 10 11 12 13 14 15 16 17 |
---------------+----------------------------------------------------+-----
Crossbows      | 5 6 7 8 9 10 11 15 18 | 18.2
Fighting       | 4 9 10 12 13 | 13.4
Armour         | 2 13 14 16 20 22 | 22.0
Axes           | 9 11 | 11.3
Invocations    | 4 5 7 9 |  9.0
Dodging        | 6 8 |  8.1
Stealth        | |  0.7

Action                   |  1- 3 |  4- 6 |  7- 9 | 10-12 | 13-15 | 16-18 || total
-------------------------+-------+-------+-------+-------+-------+-------++-------
Melee: Short sword       |    27 |       |       |       |       |       ||    27
       Headbutt          |     1 |     2 |    10 |    18 |       |       ||    31
       Unarmed           |       |     6 |       |       |       |       ||     6
       Hand axe          |       |     2 |    48 |    77 |       |       ||   127
 Fire: Hand crossbow     |    73 |   207 |   227 |    21 |       |       ||   528
       Arbalest          |       |       |       |   420 |  1161 |   623 ||  2204
Invok: Heroism           |       |       |       |     4 |     6 |     6 ||    16
       Finesse           |       |       |       |       |     5 |     5 ||    10
Evoke: Wand              |       |       |     3 |       |     6 |     8 ||    17
  Use: Potion            |     5 |     1 |     6 |       |     1 |     4 ||    17
       Scroll            |       |     9 |     3 |     9 |    11 |     7 ||    39
 Stab: Paralysed         |       |       |     9 |       |       |       ||     9
  Eat: Chunk             |       |     7 |     5 |    18 |    32 |    10 ||    72
       Meat ration       |       |       |     1 |       |       |       ||     1
       Fruit             |       |       |       |       |     1 |     4 ||     5
Armor: Leather armour    |     4 |    13 |       |       |       |       ||    17
       Skin              |    26 |       |       |       |       |       ||    26
       Plate armour      |       |       |    93 |   154 |     2 |       ||   249
       Chain mail        |       |       |       |       |   178 |       ||   178
       Crystal plate arm |       |       |       |       |    67 |   238 ||   305
Dodge: Dodged            |    20 |    31 |    50 |    70 |   214 |   106 ||   491
Block: Other             |       |     5 |    14 |    10 |    25 |       ||    54
       Reflection        |       |     1 |       |     1 |     3 |       ||     5

Table legend:
 A = Spawn XP
 B = Non-spawn XP
 C = Spawn XP percentage of total XP
 D = Spawn monster count
 E = Non-spawn monster count
 F = Spawn count percentage of total count
 G = Total turns spent on level
                    A         B        C        D         E        F      G
               +---------+---------+-------+---------+---------+-------+---------
         Total |       0 |  253835 |   0.0 |       0 |     979 |   0.0 | 27416
               +---------+---------+-------+---------+---------+-------+---------
           D:1 |       0 |      35 |   0.0 |       0 |      21 |   0.0 |   452
           D:2 |       0 |     121 |   0.0 |       0 |      27 |   0.0 |   696
           D:3 |       0 |     189 |   0.0 |       0 |      41 |   0.0 |  1116
           D:4 |       0 |     229 |   0.0 |       0 |      15 |   0.0 |   736
           D:5 |       0 |    1490 |   0.0 |       0 |      38 |   0.0 |  1305
           D:6 |       0 |     931 |   0.0 |       0 |      21 |   0.0 |  1008
           D:7 |       0 |    2610 |   0.0 |       0 |      33 |   0.0 |   759
           D:8 |       0 |    2251 |   0.0 |       0 |      24 |   0.0 |   752
           D:9 |       0 |    2096 |   0.0 |       0 |      41 |   0.0 |   818
          D:10 |       0 |    4143 |   0.0 |       0 |      26 |   0.0 |  1198
          D:11 |       0 |    8573 |   0.0 |       0 |      44 |   0.0 |  1051
          D:12 |       0 |    4748 |   0.0 |       0 |      18 |   0.0 |   722
          D:13 |       0 |   12849 |   0.0 |       0 |      46 |   0.0 |  1238
          D:14 |       0 |    3995 |   0.0 |       0 |      32 |   0.0 |   566
          D:15 |       0 |   13673 |   0.0 |       0 |      45 |   0.0 |  1122
        Lair:1 |       0 |    6525 |   0.0 |       0 |      28 |   0.0 |   960
        Lair:2 |       0 |    2157 |   0.0 |       0 |      17 |   0.0 |   802
        Lair:3 |       0 |    6518 |   0.0 |       0 |      28 |   0.0 |  1117
        Lair:4 |       0 |    7791 |   0.0 |       0 |      19 |   0.0 |  1025
        Lair:5 |       0 |   10084 |   0.0 |       0 |      33 |   0.0 |   959
        Lair:6 |       0 |   12627 |   0.0 |       0 |      45 |   0.0 |  1391
      Shoals:1 |       0 |    4517 |   0.0 |       0 |      11 |   0.0 |   128
       Snake:1 |       0 |   16182 |   0.0 |       0 |      31 |   0.0 |   800
       Snake:2 |       0 |   27327 |   0.0 |       0 |      44 |   0.0 |  1461
       Snake:3 |       0 |   15202 |   0.0 |       0 |      15 |   0.0 |  1328
       Snake:4 |       0 |   74452 |   0.0 |       0 |     110 |   0.0 |  2172
         Orc:1 |       0 |    2285 |   0.0 |       0 |      33 |   0.0 |   479
         Orc:2 |       0 |    9170 |   0.0 |       0 |      92 |   0.0 |  1061
           Lab |       0 |    1065 |   0.0 |       0 |       1 |   0.0 |   151
               +---------+---------+-------+---------+---------+-------+---------
